AoeStats
← rod_serling

Migration

509684249Analyzed
1v1 RM · 5d ago on Sep 27, 2026· 58m 21s· 2 players
Game mode
Random Map
Map size
132×132
Population
200
Speed
Normal
Resources
Standard
Victory
Conquest
Starting age
Dark Age
Ending age
Imperial Age
RankedLock teamsTeams togetherTeam positionsShared explorationLock speedFull tech treeHidden civsTurbo modeCheats
Victory
Defeat
🇦🇷 Persians · Argentina
1314
+16
🇧🇷 Varangians · Brazil
1308
-16
hm.guerra
12:46 Feudal Age
14:01 Double-Bit Axe
19:28 Castle Age
17:22 Fishing Lines
18:14 Gold Mining
20:26 Medium Warships
22:55 Wheelbarrow
22:56 Fletching
24:53 Bodkin Arrow
26:17 Padded Archer Armor
26:36 Stone Mining
27:35 Leather Archer Armor
30:18 Imperial Age
27:33 Loom
30:52 Ballistics
31:08 Elite Longship
34:35 Chemistry
33:51 Treadmill Crane
36:23 Bracer
42:42 Bow Saw
42:12 Horse Collar
43:09 Stone Shaft Mining
46:41 Two-Man Saw
45:52 Cranequins
47:59 Heavy Mounted Crossbowman
52:57 Capped Ram
56:08 Hand Cart
55:38 Town Watch
55:47 Pikeman
56:28 Squires
rod_serling
1:55 Loom
12:30 Feudal Age
12:53 Town Watch
12:54 Double-Bit Axe
18:42 Castle Age
18:05 Fletching
18:07 Gold Mining
19:25 Medium Warships
19:16 Bodkin Arrow
22:40 Ballistics
24:25 Clinker Construction
33:04 Imperial Age
31:25 Town Patrol
32:48 Wheelbarrow
34:29 Chemistry
34:23 Heavy Warships
33:40 Fishing Lines
34:19 Hand Cart
34:44 Horse Collar
37:10 Carvel Hull
37:01 Careening
37:29 Gold Shaft Mining
39:55 Gillnets
39:27 Demolition Ship
42:01 Dry Dock
43:21 Elite Cannon Galleon
43:22 Heavy Demolition Ship
44:51 Heavy Plow
46:25 Crop Rotation
46:42 Masonry
46:43 Forging
46:40 Scale Barding Armor
47:55 Architecture
47:21 Murder Holes
46:48 Elite War Elephant
48:02 Husbandry
48:13 Bloodlines
48:51 Chain Barding Armor
49:07 Iron Casting
49:23 Citadels
49:34 Conscription
49:15 Kamandaran
49:50 Hoardings
48:42 Light Cavalry
51:07 Plate Barding Armor
49:54 Hussar
52:42 Devotion
55:29 Faith
58:50 Blast Furnace
Connection lost

Rejoining the realm…

Still unreachable

The connection could not be restored.

Session expired

The server has moved on; the page needs a fresh start.